 Dungeon Crawl Stone Soup version 0.27-a0-1217-g8a41f320e8 (webtiles) character file.

Game seed: 16291120716253545320

329 Delamore the Vandal (level 6, -7/44 HPs)
             Began as a Formicid Hunter on June 6, 2021.
             Was an Initiate of Gozag.
             Mangled by Crazy Yiuf
             ... wielding a +4 quarterstaff of chaos
              (20 damage)
             ... on level 3 of the Dungeon.
             The game lasted 00:03:41 (2533 turns).

Delamore the Vandal (Formicid Hunter)               Turns: 2533, Time: 00:03:41

Health: -7/44      AC:  6    Str: 18    XL:     6   Next: 80%
Magic:  6/6        EV: 11    Int: 11    God:    Gozag
Gold:   405        SH:  0    Dex: 11    Spells: 5/5 levels left

rFire    . . .     SeeInvis +   j - +2 whip (venom)
rCold    . . .     Faith    .   (no shield)
rNeg     . . .     Spirit   .   c - +1 leather armour
rPois    .         Reflect  .   (helmet unavailable)
rElec    .         Harm     .   n - +0 cloak
rCorr    .         Rampage  .   p - +0 pair of gloves
Will     .....                  (no boots)
Stlth    +.........             (no amulet)
HPRegen  0.14/turn              (no ring)
MPRegen  0.10/turn              (no ring)

@: mighty
A: permanent stasis, dig shafts and tunnels, antennae 3, four strong arms
a: Dig, Shaft Self, Renounce Religion, Potion Petition, Call Merchant, Bribe
Branch


You were on level 3 of the Dungeon.
You worshipped Gozag.
Gozag was aware of your devotion.
You visited 1 branch of the dungeon, and saw 3 of its levels.

You collected 405 gold pieces.

Inventory:

Hand Weapons
 a - a +1 hunting sling
 j - a +2 whip of venom (weapon)
 o - a +3 trident
Missiles
 d - 14 sling bullets
 i - 88 stones (quivered)
Armour
 c - a +1 leather armour (worn)
 n - a +0 cloak (worn)
 p - a +0 pair of gloves (worn)
Scrolls
 f - 3 scrolls of fog
 k - a scroll of enchant armour
Potions
 e - 2 potions of brilliance {unknown}
 g - a potion of ambrosia {unknown}
 h - a potion of experience {unknown}
 m - a potion of mutation {unknown}
 q - a potion of resistance {unknown}


   Skills:
 - Level 2.1 Fighting
 + Level 6.6(7.3) Slings
 + Level 4.3(5.8) Throwing
 - Level 1.7 Dodging
 - Level 1.2 Stealth


You had 5 spell levels left.
You didn't know any spells.
Your spell library was empty.

Dungeon Overview and Level Annotations

Branches:
Dungeon (3/15)

Altars:
Gozag

Annotations:
D:3 Crazy Yiuf


Innate Abilities, Weirdness & Mutations

You cannot be hasted, slowed, berserked, paralysed or teleported.
You can dig through walls and to a lower floor.
You have a pair of large antennae on your head. (SInv)
Your four strong arms can wield two-handed weapons with a shield.


Message History

Found a mace.
Found three maces.
Found a runed translucent door.
You see here a +0 mace.
You see here a +0 mace.
Crazy Yiuf shouts!
You sense a monster nearby.
Found two maces.
Your +2 whip of venom begins to drip with poison!
j - a +2 whip of venom (weapon)
You open the door. You hit Crazy Yiuf.
Crazy Yiuf is moderately wounded.
Crazy Yiuf hits you with a +4 quarterstaff of chaos!
You feel very mighty all of a sudden.
You hit Crazy Yiuf.
Crazy Yiuf is poisoned.
Crazy Yiuf is moderately wounded.
Crazy Yiuf hits you with a +4 quarterstaff of chaos!
Your stasis prevents you from being slowed.
You barely miss Crazy Yiuf.
Crazy Yiuf is moderately wounded.
Crazy Yiuf drinks a potion.
Crazy Yiuf is healed!
Crazy Yiuf looks more healthy.
Crazy Yiuf hits you with a +4 quarterstaff of chaos!
Crazy Yiuf freezes you.
You see here a +0 mace.
Crazy Yiuf says, "Fire!"
You see here a +0 mace.
You extend your mandibles.
You dig through the rock wall.
You dig through the rock wall.
You dig through the rock wall.
You dig through the rock wall.
You dig through the rock wall.
You dig through the rock wall.
You retract your mandibles.
You barely miss Crazy Yiuf.
Crazy Yiuf hits you with a +4 quarterstaff of chaos.
* * * LOW HITPOINT WARNING * * *
You are electrocuted!!
You die...
Your body crumbles into a pile of gold.

#.# #.# #.........# ##.#
##+###.........# ...#
##...###.......## ####
##.....###.....##
##.######.......###...)##
#................###....#########
.......).........'...............
#...####.........###....).###.###
#..### #........@####..##.# #.# #
.....# #.#.....##g# #.###.# #.# #
#.##.# #.##...##.## #.###.###.# #
#..### ##########.###.........# #
#### ♣#.######.##### # ♣♣♣♣♣.##
#.# ## ### ♣♣♣)♣).#.## #.# #.
#.))#♣g)♣..♣...## #.# #.
#...'.♣♣♣♣.g....# #.# #.


You could see Crazy Yiuf.

Vanquished Creatures
  Sigmund (D:3)
  An orc priest (D:3)
  Terence (D:3)
  A gnoll (D:1)
  5 adders
  A dart slug (D:1)
  2 orcs (D:3)
  7 bats
  4 endoplasms (D:1)
  A giant cockroach (D:2)
  4 goblins
  7 hobgoblins
  8 jackals (D:2)
  A quokka (D:1)
  4 ball pythons
  2 frilled lizards (D:1)
  5 kobolds
  2 rats (D:1)
57 creatures vanquished.

Notes
Turn   | Place    | Note
-------+----------+-------------------------------------------
     0 | D:1      | Delamore the Formicid Hunter began the quest for the Orb.
     0 | D:1      | Reached XP level 1. HP: 16/16 MP: 1/1
    97 | D:1      | Reached skill level 1 in Throwing
    97 | D:1      | Reached XP level 2. HP: 22/22 MP: 2/2
   142 | D:1      | Found a faded altar of an unknown god.
   150 | D:1      | Became a worshipper of Gozag Ym Sagoz the Greedy
   212 | D:1      | Reached XP level 3. HP: 27/27 MP: 3/3
   261 | D:1      | Reached skill level 5 in Slings
   717 | D:2      | Reached XP level 4. HP: 33/33 MP: 4/4
   765 | D:2      | Noticed Sigmund
  1215 | D:2      | Reached XP level 5. HP: 38/38 MP: 5/5
  1873 | D:3      | Killed Sigmund
  1874 | D:3      | Reached skill level 6 in Slings
  1874 | D:3      | Reached XP level 6. HP: 26/44 MP: 6/6
  2343 | D:3      | Noticed Terence
  2357 | D:3      | Killed Terence
  2510 | D:3      | Found a runed translucent door.
  2511 | D:3      | Noticed Crazy Yiuf
  2533 | D:3      | Mangled by Crazy Yiuf

Illustrated notes

Levels and vault maps discovered:
D:1:      minmay_arrival_radiant_lines, layout_rooms,
          hellmonk_ecumenical_altar_slurped_away
D:2:      layout_basic, kennysheep_potato, uniq_sigmund
D:3:      layout_loops_corners, nicolae_overflow_crystal_walls,
          roderic_filled_cross, kennysheep_generic_room_12,
          uniq_crazy_yiuf_cottage, uniq_terence

Skill      XL: |  1  2  3  4  5 |
---------------+----------------+-----
Throwing       | 1 2 4 |  4.3
Slings         | 5 6 |  6.6
Fighting       | |  2.1
Dodging        | |  1.7
Stealth        | |  1.2

Action                   |  1- 3 |  4- 6 || total
-------------------------+-------+-------++-------
Melee: Whip              |       |     8 ||     8
 Fire: Hunting sling     |    60 |   117 ||   177
 Abil: Dig               |       |     1 ||     1
  Use: Scroll            |     3 |     1 ||     4
Armor: Leather armour    |       |    16 ||    16
Dodge: Dodged            |     2 |    25 ||    27

Table legend: (Time is in decaauts)
 A = Elapsed time spent in this place.
 B = Non-inter-level travel time spent in this place.
 C = Inter-level travel time spent in this place.
 D = Time resting spent in this place.
 E = Time spent auto-exploring this place.
 F = Levels seen in this place.
 G = Mean time per level.
                   A        B        C        D        E       F      G
               +--------+--------+--------+--------+--------+-----+--------+
         Total |   2517 |   2377 |    140 |    118 |   1887 |   3 |  839.0 |
       Dungeon |   2517 |   2377 |    140 |    118 |   1887 |   3 |  839.0 |
               +--------+--------+--------+--------+--------+-----+--------+

Top non-repeatable levels by time:
     D:2: 1228 daAuts
     D:3: 744 daAuts
     D:1: 543 daAuts
